 Dungeon Crawl Stone Soup version 0.26.1-11-gd32895ea62 (webtiles) character file.

Game seed: 8640090314001206089

42 Almogavar the Protected (level 3, 0/38 HPs)
             Began as a Gnoll Wanderer on Apr 30, 2021.
             Slain by an ice beast (11 damage)
             ... on level 2 of the Dungeon.
             The game lasted 00:04:05 (1536 turns).

Almogavar the Protected (Gnoll Wanderer)            Turns: 1536, Time: 00:04:05

Health: 0/38       AC:  6    Str: 16    XL:     3   Next: 54%
Magic:  4/4        EV: 11    Int: 13    God:
Gold:   142        SH:  0    Dex: 14    Spells: 3/3 levels left

rFire    . . .     SeeInvis .   a - +0 spear
rCold    . . .     Faith    .   (no shield)
rNeg     . . .     Spirit   .   c - +0 ring mail
rPois    .         Reflect  .   (no helmet)
rElec    .         Harm     .   (no cloak)
rCorr    .         Rampage  .   (no gloves)
Will     .....                  (no boots)
Stlth    +.........             (no amulet)
HPRegen  0.12/turn              (no ring)
MPRegen  0.09/turn              (no ring)

@: no status effects
A: distributed training, fangs 1, strong nose
a: no special abilities


You were on level 2 of the Dungeon.
You visited 1 branch of the dungeon, and saw 2 of its levels.

You collected 142 gold pieces.

Inventory:

Hand Weapons
 a - a +0 spear (weapon)
 k - a +0 hunting sling
Missiles
 g - 31 stones
 m - 13 poisoned darts (quivered)
Armour
 c - a +0 ring mail (worn)
 d - a cursed +0 ring mail
Scrolls
 e - a scroll of magic mapping
 h - a scroll of blinking {unknown}
 j - a scroll of teleportation
 o - a scroll of fog {unknown}
Potions
 i - a potion of brilliance
 l - a potion of heal wounds {unknown}
 n - a potion of attraction {unknown}
Miscellaneous
 b - a condenser vane (inert)


   Skills:
 + Level 8.5 Fighting
 + Level 0.8 Short Blades
 + Level 0.8 Long Blades
 + Level 0.8 Axes
 + Level 0.8 Maces & Flails
 + Level 0.8 Polearms
 + Level 0.8 Staves
 + Level 0.8 Slings
 + Level 0.8 Bows
 + Level 0.8 Crossbows
 + Level 0.8 Throwing
 + Level 8.5 Armour
 + Level 0.8 Dodging
 + Level 0.8 Stealth
 + Level 2.6 Shields
 + Level 0.8 Unarmed Combat
 + Level 0.8 Spellcasting
 + Level 0.5 Conjurations
 + Level 0.5 Hexes
 + Level 0.5 Summonings
 + Level 0.5 Necromancy
 + Level 0.5 Translocations
 + Level 0.5 Transmutations
 + Level 0.5 Fire Magic
 + Level 0.5 Ice Magic
 + Level 0.5 Air Magic
 + Level 0.5 Earth Magic
 + Level 0.5 Poison Magic
 + Level 1.0 Invocations
 + Level 2.6 Evocations


You had 3 spell levels left.
You didn't know any spells.
Your spell library was empty.

Dungeon Overview and Level Annotations

Branches:
Dungeon (2/15)

Altars:


Innate Abilities, Weirdness & Mutations

Your experience applies equally to all skills.
You have very sharp teeth.
Your uncanny sense of smell can sniff out nearby items.


Message History

You hit the ice beast but do no damage. You bite the ice beast.
The ice beast is moderately wounded.
The ice beast barely misses you.
You closely miss the ice beast. Your bite misses the ice beast.
The ice beast is moderately wounded.
The ice beast barely misses you.
You barely miss the ice beast.
The ice beast is moderately wounded.
The ice beast hits you. The ice beast freezes you!
* * * LOW HITPOINT WARNING * * *
You barely miss the ice beast.
The ice beast is moderately wounded.
The ice beast hits you but does no damage.
You hit the ice beast.
The ice beast is moderately wounded.
The ice beast closely misses you.
It was a potion of curing.
You feel better. The ice beast hits you.
* * * LOW HITPOINT WARNING * * *
The ice beast freezes you!
You die...

#.....# ##>.. #.....#
#### #.....# .
########.....# ..
#..........### ...
#....).....# ....
#..........# .....
#..........######......
#..........†...@Y......
##.........†<...........
#.....................##
#...........#########(#
#........<..........# #
#...........#######.#
#...........# #.#
#.########### #.# #.#
#.#


You could see an ice beast.

Vanquished Creatures
  An ooze (D:2)
  2 dart slugs (D:2)
  2 bats (D:1)
  2 giant cockroaches (D:1)
  5 goblins
  6 hobgoblins
  3 jackals (D:2)
  A frilled lizard (D:2)
  6 kobolds
  3 rats
31 creatures vanquished.

Notes
Turn   | Place    | Note
-------+----------+-------------------------------------------
     0 | D:1      | Almogavar the Gnoll Wanderer began the quest for the Orb.
     0 | D:1      | Almogavar set off with the following items: a +0 spear, a
                  | condenser vane, a +0 ring mail
     0 | D:1      | Reached XP level 1. HP: 26/26 MP: 1/1
   324 | D:1      | Reached XP level 2. HP: 33/33 MP: 2/2
  1147 | D:2      | Reached XP level 3. HP: 34/38 MP: 3/3
  1356 | D:2      | Reached skill level 1 in Invocations
  1520 | D:2      | Noticed an ice beast
  1536 | D:2      | Slain by an ice beast

Illustrated notes

Levels and vault maps discovered:
D:1:      psy_arrival_basics, layout_loops_corners
D:2:      layout_basic

Skill      XL: |  1  2  3 |
---------------+----------+-----
Invocations    | 1 |  1.0
Fighting       | |  8.5
Short Blades   | |  0.8
Long Blades    | |  0.8
Axes           | |  0.8
Maces & Flails | |  0.8
Polearms       | |  0.8
Staves         | |  0.8
Slings         | |  0.8
Bows           | |  0.8
Crossbows      | |  0.8
Throwing       | |  0.8
Armour         | |  8.5
Dodging        | |  0.8
Stealth        | |  0.8
Shields        | |  2.6
Unarmed Combat | |  0.8
Spellcasting   | |  0.8
Conjurations   | |  0.5
Hexes          | |  0.5
Summonings     | |  0.5
Necromancy     | |  0.5
Translocations | |  0.5
Transmutations | |  0.5
Fire Magic     | |  0.5
Ice Magic      | |  0.5
Air Magic      | |  0.5
Earth Magic    | |  0.5
Poison Magic   | |  0.5
Evocations     | |  2.6

Action                   || total
-------------------------++-------
Melee: Spear             ||    98
       Bite              ||     6
 Fire: Hunting sling     ||    17
Throw: Dart              ||     6
Evoke: Condenser vane    ||     1
  Use: Scroll            ||     6
       Potion            ||     1
Armor: Ring mail         ||    29
Dodge: Dodged            ||    44
